 Dungeon Crawl Stone Soup version 0.29-a0-1016-g236c7fd91e (console) character file.

Game seed: 2058006679139553203

4904 jejorda2 the Impaler (level 10, -10/76 HPs)
             Began as a Merfolk Berserker on Aug 9, 2022.
             Was an Elder of Trog.
             Succumbed to a water moccasin's poison
             ... on level 8 of the Dungeon.
             The game lasted 00:19:07 (7506 turns).

jejorda2 the Impaler (Merfolk Berserker)            Turns: 7506, Time: 00:19:07

Health: -10/76     AC: 21    Str: 21    XL:     10   Next: 51%
Magic:  10/10      EV:  7    Int:  7    God:    Trog [****..]
Gold:   371        SH:  0    Dex: 20    Spells: 9/9 levels left

rFire   . . .      SeeInvis .   a - +1 scythe (vorpal)
rCold   + . .      Faith    +   (shield currently unavailable)
rNeg    . . .      Spirit   .   z - +0 plate armour
rPois   .          Reflect  .   A - +2 helmet
rElec   .          Harm     .   (no cloak)
rCorr   .          Rampage  .   (no gloves)
Will    .....                   h - +0 pair of boots
Stlth   ..........              e - amulet of faith
HPRegen 0.22/turn               D - ring of Nedihais {rC+ Dex+6}
MPRegen 0.12/turn               w - +4 ring of protection

@: lethally poisoned (-10 -> -46), about to teleport, on berserk cooldown,
slowed, very slow
A: (nimble swimmer 2), mertail
a: Renounce Religion, Berserk, Trog's Hand, Brothers in Arms


You were on level 8 of the Dungeon.
You worshipped Trog.
Trog was greatly pleased with you.
You visited 1 branch of the dungeon, and saw 8 of its levels.

You collected 467 gold pieces.
You spent 96 gold pieces at shops.

Inventory:

Hand Weapons
 a - a +1 vorpal scythe (weapon)
 b - a +0 trident
Missiles
 c - 6 boomerangs
 j - 55 stones (quivered)
 v - 7 poisoned darts
 B - 6 javelins
 H - 3 boomerangs of dispersal
Armour
 h - a +0 pair of boots (worn)
 z - a +0 plate armour (worn)
 A - a +2 helmet (worn)
Jewellery
 e - an amulet of faith (around neck)
 f - a +6 ring of strength
 k - a +6 ring of strength
 p - a ring of fire
 w - a +4 ring of protection (right hand)
 D - the ring of Nedihais (left hand) {rC+ Dex+6}
   (You found it on level 6 of the Dungeon)

   [ring of dexterity]

   Dex:       It affects your dexterity (+6).
   rC:        It protects you from cold.
Wands
 q - a wand of polymorph (6)
 y - a wand of roots (21)
 C - a wand of flame (27)
 I - a wand of mindburst (16)
 K - a wand of charming (14)
Scrolls
 i - a scroll of vulnerability
 m - a scroll of enchant weapon {unknown}
 o - a scroll of fog
 s - 2 scrolls of teleportation
 t - 2 scrolls of poison
 J - a scroll of magic mapping
Potions
 d - 2 potions of ambrosia
 g - 2 potions of brilliance {unknown}
 l - a potion of invisibility {unknown}
 n - 2 potions of curing
 r - a potion of lignification
 u - 2 potions of flight
 x - a potion of heal wounds
 E - 3 potions of magic {unknown}
 F - a potion of might {unknown}
 G - 2 potions of mutation {unknown}


   Skills:
 - Level 6.0 Fighting
 * Level 16.1 Polearms
 - Level 6.0 Armour
 - Level 2.6 Dodging


You had 9 spell levels left.
You didn't know any spells.
Your spell library was empty.

Dungeon Overview and Level Annotations

Branches:
Dungeon (8/15)             Temple (0/1) D:4
   Lair: D:8-11

Altars:
Cheibriados
Dithmenos
Elyvilon
Hepliaklqana
Kikubaaqudgha
Nemelex Xobeh
Ru
Sif Muna
Wu Jian
Yredelemnul

Shops:
D:4 !   D:5 *   D:7 =   D:8 (

Annotations:
D:7 1 runed translucent door


Innate Abilities, Weirdness & Mutations

((You are very nimble when in or above water. (Stealth+, EV+, Speed+++)))
Your lower body shifts to a powerful aquatic tail in water.


Message History

You are no longer berserk.
You are exhausted.
You feel yourself slow down.
Found Vueku's Antique Weapon Emporium.
Found a stone staircase leading up and a stone staircase leading down.
A white ugly thing comes into view.
A white ugly thing is nearby!
A water moccasin comes into view.
The water moccasin hisses angrily.
The white ugly thing tail-slaps you! The white ugly thing freezes you!!
You slash the white ugly thing!
The white ugly thing is lightly wounded.
The white ugly thing tail-slaps you. The white ugly thing freezes you!!
* * * LOW HITPOINT WARNING * * *
You are too injured to fight recklessly!
You are too injured to fight recklessly!
You are too injured to fight recklessly!
You're wearing all the rings you can.
Remove which one? (? for menu, Esc to cancel) < or
f - a +6 ring of strength; > or
w - a +4 ring of protection You remove your +6 ring of strength.
You feel weaker.
You feel agile.
D - the ring of Nedihais (left hand) {rC+ Dex+6} The white ugly thing tail-slaps you.
* * * LOW HITPOINT WARNING * * *
The white ugly thing freezes you! You resist.
* * * LOW HITPOINT WARNING * * *
As you read the scroll of teleportation, it crumbles to dust.
You feel strangely unstable. The water moccasin bites you.
* * * LOW HITPOINT WARNING * * *
You are lethally poisoned!
The water moccasin poisons you!
The white ugly thing tail-slaps you but does no damage.
The water moccasin bites you.
* * * LOW HITPOINT WARNING * * *
You are more poisoned.
The water moccasin poisons you!
The white ugly thing closely misses you.
You die...

...######..#
....:......#####
...............###
...........#.#...#######
...........#.###.#.....#
...........#...#.#.....#
...........###..)......#
....<......# ##..#.....#
...........# ##@......#
..........## ##.....##
.........##......uS..##
....#######.............#
....##### #..........##.#
.)................8..# .
.....####.............
.....# #.......<.∩.>
....... #.............


You could see a white ugly thing and a water moccasin.

Vanquished Creatures
  2 two-headed ogres
  The ghost of Kazon the Cudgeller, a novice HOFi of Beogh (D:6)
  Maggie (D:8)
  A hornet (D:6)
  Prince Ribbit (D:6)
  Sigmund (D:3)
  A wyvern (D:4)
  A water moccasin (D:7)
  3 ice beasts
  2 orc warriors
  An ogre (D:6)
  A lemure (D:6)
  2 centaurs
  A phantom (D:6)
  A bullfrog (D:8)
  A necrophage (D:7)
  A gnoll sergeant (D:8)
  A scorpion (D:5)
  4 wights (D:6)
  4 quasits (D:6)
  A human zombie (D:7)
  2 jellies
  2 hounds
  4 orc priests
  A human skeleton (D:7)
  3 iguanas
  10 orc wizards
  3 gnolls (D:8)
  5 adders
  A shadow imp (D:6)
  2 white imps
  2 ufetubi
  4 worms
  A dart slug (D:5)
  28 orcs
  A bat (D:3)
  8 endoplasms
  A giant cockroach (D:1)
  8 goblins
  14 hobgoblins
  3 jackals (D:3)
  3 quokkas
  12 ball pythons
  A frilled lizard (D:3)
  11 kobolds
  7 rats
169 creatures vanquished.

Vanquished Creatures (collateral kills)
  A lemure (D:5)
1 creature vanquished.

Grand Total: 170 creatures vanquished

Notes
Turn   | Place    | Note
-------+----------+-------------------------------------------
     0 | D:1      | jejorda2 the Merfolk Berserker began the quest for the Orb.
     0 | D:1      | Reached XP level 1. HP: 18/18 MP: 1/1
   173 | D:1      | Reached XP level 2. HP: 12/24 MP: 2/2
  1133 | D:2      | Reached ** piety under Trog
  1134 | D:2      | Reached XP level 3. HP: 29/29 MP: 3/3
  1253 | D:2      | Reached skill level 5 in Polearms
  1637 | D:2      | Reached XP level 4. HP: 35/37 MP: 4/4
  2125 | D:3      | Found a snail-covered altar of Cheibriados.
  2442 | D:3      | Reached *** piety under Trog
  2599 | D:3      | Reached XP level 5. HP: 42/42 MP: 5/5
  2601 | D:3      | Noticed Sigmund
  2607 | D:3      | Reached skill level 6 in Polearms
  2613 | D:3      | Killed Sigmund
  2614 | D:3      | Reached skill level 7 in Polearms
  2614 | D:3      | Reached XP level 6. HP: 49/49 MP: 6/6
  2793 | D:3      | Found an ancient bone altar of Kikubaaqudgha.
  2803 | D:3      | Found a sparkling altar of Nemelex Xobeh.
  2997 | D:4      | Found Beff's Distillery.
  3006 | D:4      | Bought a potion of curing for 36 gold pieces
  3006 | D:4      | Bought a potion of heal wounds for 60 gold pieces
  3019 | D:4      | Found a staircase to the Ecumenical Temple.
  3119 | D:4      | Noticed a wyvern
  3130 | D:4      | Killed a wyvern
  3131 | D:4      | Reached skill level 5 in Fighting
  3328 | D:4      | Found a sacrificial altar of Ru.
  3399 | D:4      | Reached XP level 7. HP: 56/56 MP: 7/7
  3804 | D:5      | Entered Level 5 of the Dungeon
  3806 | D:5      | Reached skill level 8 in Polearms
  4065 | D:5      | Found Iffaclao's CLEARANCE SALE!.
  4222 | D:5      | Found a shimmering blue altar of Sif Muna.
  4323 | D:5      | Found a hazy altar of Hepliaklqana.
  4592 | D:5      | Reached **** piety under Trog
  4912 | D:5      | Reached skill level 9 in Polearms
  4912 | D:5      | Reached XP level 8. HP: 40/64 MP: 8/8
  5123 | D:6      | Found a shadowy altar of Dithmenos.
  5291 | D:6      | Noticed Prince Ribbit
  5305 | D:6      | Noticed Pikel
  5309 | D:6      | Killed Prince Ribbit
  5310 | D:6      | Reached skill level 10 in Polearms
  5549 | D:6      | Reached skill level 11 in Polearms
  5609 | D:6      | Noticed Pikel
  5609 | D:6      | Pikel changed into Pikel the hornet
  5714 | D:6      | Killed Pikel the hornet
  5715 | D:6      | Reached XP level 9. HP: 69/69 MP: 9/9
  5776 | D:6      | Found a transporter.
  5794 | D:6      | Found a transporter.
  5801 | D:6      | Noticed Kazon's ghost (novice HOFi)
  5992 | D:6      | Reached skill level 12 in Polearms
  5999 | D:6      | Killed Kazon's ghost
  6000 | D:6      | Reached skill level 5 in Armour
  6001 | D:6      | Identified the ring of Nedihais {rC+ Dex+6}
  6092 | D:7      | Found Heud's Jewellery Emporium.
  6191 | D:7      | Noticed a two-headed ogre
  6464 | D:7      | Reached skill level 13 in Polearms
  6540 | D:7      | Found an ornate altar of the Wu Jian Council.
  6669 | D:7      | Killed a two-headed ogre
  6670 | D:7      | Reached skill level 14 in Polearms
  6670 | D:7      | Reached XP level 10. HP: 76/76 MP: 10/10
  6692 | D:7      | Found a runed translucent door.
  6739 | D:7      | Found a basalt altar of Yredelemnul.
  7038 | D:8      | Noticed Maggie
  7045 | D:8      | Killed Maggie
  7046 | D:8      | Reached skill level 15 in Polearms
  7083 | D:8      | Found Dymot's Weapon Shop.
  7347 | D:8      | Found a white marble altar of Elyvilon.
  7484 | D:8      | Noticed a two-headed ogre
  7492 | D:8      | Killed a two-headed ogre
  7493 | D:8      | Reached skill level 16 in Polearms
  7499 | D:8      | Found Vueku's Antique Weapon Emporium.
  7500 | D:8      | Noticed a white ugly thing
  7505 | D:8      | HP: 2/76 [water moccasin (2)]
  7506 | D:8      | Succumbed to a water moccasin's poison

Illustrated notes

Levels and vault maps discovered:
D:1:      psy_arrival_conway, layout_basic, minmay_tetromino_t4
D:2:      layout_loops_ring
D:3:      layout_basic, mainiacjoe_overflow_surrounded_room,
          mainiacjoe_overflow_big_doors, item_on_display_a, uniq_sigmund
D:4:      layout_gridville, nicolae_ru_path_of_blood,
          minmay_temple_entry_butterflies, serial_shops, shop
D:5:      layout_basic, mainiacjoe_overflow_brackets,
          mainiacjoe_overflow_24_doors, nicolae_shop_clearance
D:6:      layout_rooms, nicolae_dithmenos_shadow_blocks,
          gammafunk_ghost_stat_death, serial_bayou_pond_a, uniq_pikel,
          uniq_prince_ribbit1
D:7:      layout_rooms, dk_yredelemnul_ordeal, marbit_many_paths, serial_shops,
          shop, grunt_decor_resistance
D:8:      minmay_angry_zag, layout_rooms, elyvilon_altar_5, serial_shops,
          nicolae_stop_n_shop_2, nicolae_shop_bloodbath_and_beyond, uniq_maggie

Skill      XL: |  1  2  3  4  5  6  7  8  9 10 |
---------------+-------------------------------+-----
Polearms       | 5 7 9 11 14 16 | 16.1
Armour         | 2 3 4 5 6 |  6.0
Fighting       | 4 5 6 |  6.0
Dodging        | |  2.6

Action                   |  1- 3 |  4- 6 |  7- 9 | 10-12 || total
-------------------------+-------+-------+-------+-------++-------
Melee: Spear             |   105 |    99 |       |       ||   204
       Punch             |       |     2 |       |       ||     2
       Halberd           |       |    22 |   198 |   104 ||   324
Throw: Stone             |       |     6 |       |     3 ||     9
Invok: Berserk           |       |     2 |     8 |     4 ||    14
       Trog's Hand       |       |       |     1 |     3 ||     4
       Brothers in Arms  |       |       |     2 |       ||     2
Evoke: Wand              |       |       |     1 |       ||     1
  Use: Scroll            |       |       |    18 |     1 ||    19
       Potion            |       |       |     1 |     1 ||     2
 Stab: Distracted        |       |     1 |     1 |       ||     2
Armor: Ring mail         |    23 |    14 |       |       ||    37
       Scale mail        |       |     4 |    13 |       ||    17
       Chain mail        |       |       |     6 |       ||     6
       Plate armour      |       |       |    77 |    59 ||   136
Dodge: Dodged            |    31 |    47 |    64 |    25 ||   167

Table legend: (Time is in decaauts)
 A = Elapsed time spent in this place.
 B = Non-inter-level travel time spent in this place.
 C = Inter-level travel time spent in this place.
 D = Time resting spent in this place.
 E = Time spent auto-exploring this place.
 F = Levels seen in this place.
 G = Mean time per level.
                   A        B        C        D        E       F      G
               +--------+--------+--------+--------+--------+-----+--------+
         Total |   7572 |   7136 |    436 |    547 |   5385 |   8 |  946.5 |
       Dungeon |   7572 |   7136 |    436 |    547 |   5385 |   8 |  946.5 |
               +--------+--------+--------+--------+--------+-----+--------+

Top non-repeatable levels by time:
     D:5: 1379 daAuts
     D:4: 1153 daAuts
     D:1: 1117 daAuts
     D:3: 1100 daAuts
     D:6: 992 daAuts
     D:7: 749 daAuts
     D:2: 638 daAuts
     D:8: 442 daAuts
